 Dungeon Crawl Stone Soup version 0.21-a0-584-g185da8e (webtiles) character file.

32 slep the Chopper (level 3, -1/30 HPs)
             Began as a Hill Orc Gladiator on Dec 21, 2017.
             Slain by a hobgoblin
             ... wielding a +0 club
             ... led by Robin
              (2 damage)
             ... on level 2 of the Dungeon.
             The game lasted 00:01:57 (779 turns).

slep the Chopper (Hill Orc Gladiator)                Turns: 779, Time: 00:02:00

Health: -1/30      AC:  4    Str: 16    XL:     3   Next: 27%
Magic:  3/3        EV: 12    Int:  8    God:
Gold:   88         SH:  0    Dex: 13    Spells: 2/2 levels left

rFire    . . .     SeeInvis .   a - +0 war axe
rCold    . . .     Gourm    .   (no shield)
rNeg     . . .     Faith    .   b - +0 leather armour
rPois    .         Spirit   .   c - +0 helmet
rElec    .         Reflect  .   (no cloak)
rCorr    .         Harm     .   (no gloves)
MR       .....                  (no boots)
Stlth    +.........             (no amulet)
HPRegen  0.10/turn              (no ring)
MPRegen  0.08/turn              (no ring)

@: no status effects
A: no striking features
a: no special abilities


You were on level 2 of the Dungeon.
You were not hungry.

You visited 1 branch of the dungeon, and saw 2 of its levels.

You collected 88 gold pieces.

Inventory:

Hand Weapons
 a - a +0 war axe (weapon)
Missiles
 d - 3 throwing nets (quivered)
Armour
 b - a +0 leather armour (worn)
 c - a +0 helmet (worn)
Scrolls
 e - 5 scrolls of identify {unknown}
 g - 2 scrolls of remove curse {unknown}
 j - 4 scrolls of teleportation {unknown}
Potions
 h - a potion of lignification {unknown}
 i - a potion of flight {unknown}
 k - a potion of brilliance {unknown}
 m - 2 potions of curing {unknown}
Comestibles
 f - 3 rations
 l - a chunk of flesh


   Skills:
 + Level 2.6 Fighting
 + Level 4.7 Axes
 + Level 1.9 Throwing
 + Level 0.7 Armour
 + Level 2.8 Dodging


You had 2 spell levels left.
You didn't know any spells.

Dungeon Overview and Level Annotations

Branches:
Dungeon (2/15)

Altars:

Annotations:
D:2 Robin


Message History

You barely miss the goblin. You closely miss the hobgoblin.
You hit the goblin but do no damage. The goblin barely misses you.
The hobgoblin hits you with a club. The goblin closely misses you.
The goblin hits you with a club.
* * * LOW HITPOINT WARNING * * *
You hit the goblin but do no damage. You closely miss the hobgoblin.
You barely miss the goblin.
The hobgoblin no longer looks unusually strong.
The goblin no longer looks unusually strong.
The hobgoblin hits you with a club.
* * * LOW HITPOINT WARNING * * *
The goblin hits you but does no damage. The goblin hits you with a club.
* * * LOW HITPOINT WARNING * * *
You closely miss the goblin. You hit the goblin.
You kill the goblin!
You completely miss the hobgoblin. The hobgoblin closely misses you.
The goblin hits you with a club.
* * * LOW HITPOINT WARNING * * *
The hobgoblin hits you with a club.
You die...

#.<.# ###.....### ####...#
#...###.... ##......# #.#.#
#..## #......#####.#.###..##
#....#................
#########......####..##.#..###
#.......##....## #..#..#.....
#.......###.#)# #.......<###
#.#####.###.#@# #........#
#.##........#gg# ##.......#
#.##....######g# ###.#####
#.#####.# gg ####.####
#.......# l.. #.......#
#.......# ....#.##.#..#
#######.# .(..#.##.#..# ##...#
....#)##.#..# #...## #.##.#..#


You could see Robin, 3 hobgoblins, a goblin and a frilled lizard.

Vanquished Creatures
  2 giant cockroaches (D:1)
  8 goblins
  6 hobgoblins
  4 bats (D:1)
  A frilled lizard (D:1)
  2 kobolds
  6 rats
29 creatures vanquished.

Notes
Turn   | Place    | Note
-------+----------+-------------------------------------------
     0 | D:1      | slep the Hill Orc Gladiator began the quest for the Orb.
     0 | D:1      | Reached XP level 1. HP: 18/18 MP: 1/1
   171 | D:1      | Reached XP level 2. HP: 21/25 MP: 2/2
   761 | D:2      | Noticed Robin
   764 | D:2      | Reached XP level 3. HP: 28/30 MP: 3/3
   779 | D:2      | HP: 1/30 [goblin/club[Robin] (2)]
   779 | D:2      | Slain by a hobgoblin

Vault maps used:
D:1:      nzn_arrival_depleted_hourglass
D:2:      bloody_makhleb, first_ration, uniq_robin

Action                   || total
-------------------------++-------
Melee: War axe           ||    66
 Stab: Sleeping          ||     1
Armor: Leather armour    ||    29
Dodge: Dodged            ||    48

Table legend:
 A = Spawn XP
 B = Non-spawn XP
 C = Spawn XP percentage of total XP
 D = Spawn monster count
 E = Non-spawn monster count
 F = Spawn count percentage of total count
 G = Total turns spent on level
                    A         B        C        D         E        F      G
               +---------+---------+-------+---------+---------+-------+---------
         Total |       0 |      47 |   0.0 |       0 |      29 |   0.0 |   779
               +---------+---------+-------+---------+---------+-------+---------
           D:1 |       0 |      28 |   0.0 |       0 |      19 |   0.0 |   643
           D:2 |       0 |      19 |   0.0 |       0 |      10 |   0.0 |   136
               +---------+---------+-------+---------+---------+-------+---------
